 Dungeon Crawl Stone Soup version 0.14-a0-836-g5210f43 (webtiles) character file.

194 4tharraofdagon the Chopper (level 5, -1/45 HPs)
             Began as a Ghoul Gladiator on Nov 12, 2013.
             Slain by a big kobold zombie (3 damage)
             ... in an ossuary.
             The game lasted 00:03:24 (745 turns).

4tharraofdagon the Chopper (Ghoul Gladiator)         Turns: 745, Time: 00:03:24

HP  -1/45        AC  6     Str 20      XL: 5   Next: 10%
MP   3/3         EV 14     Int  3      God:
Gold 68          SH  0     Dex  6 (9)  Spells:  0 memorised,  4 levels left

Res.Fire  : . . .   See Invis. : .   a - +0 hand axe (curse)
Res.Cold  : + . .   Warding    : .   m - +0 elf ring mail (curse)
Life Prot.: + + +   Conserve   : .   (no shield)
Res.Poison: +       Res.Corr.  : .   c - +0 helmet (curse)
Res.Elec. : .       Clarity    : .   (no cloak)
Sust.Abil.: . .     Spirit.Shd : .   (no gloves)
Res.Mut.  : .       Stasis     : .   (no boots)
Res.Rott. : +       Flight     : .   (no amulet)
Saprovore : + + +                    (no ring)
                                     s - +4 ring of evasion

@: rotting, slightly resistant to hostile enchantments, extremely unstealthy
A: rotting body, claws 1, carnivore 3, cold resistance 1, life protection 3,
poison resistance, saprovore 3, slow healing 1, torment resistance, unbreathing
a: no special abilities


You were in an ossuary.
You were not hungry.

You visited 1 branch of the dungeon, and saw 4 of its levels.
You also visited: Ossuary.

You collected 68 gold pieces.

Inventory:

Hand weapons
 a - a cursed +0,+0 hand axe (weapon)
Armour
 b - a cursed +0 leather armour
 c - a cursed +0 helmet (worn)
 m - a cursed +0 elven ring mail (worn)
Comestibles
 f - a rotting chunk of kobold flesh
 h - a meat ration
Scrolls
 i - a scroll of enchant armour {unknown}
 j - a scroll of blinking {unknown}
 k - a scroll of curse armour {unknown}
 p - a scroll of curse jewellery {unknown}
 t - 2 scrolls of enchant weapon I {unknown}
 u - a scroll of fear {unknown}
Jewellery
 s - a +4 ring of evasion (left claw)


   Skills:
 + Level 3.2 Fighting
 * Level 4.2 Axes
 - Level 1.7 Throwing
 + Level 1.5 Armour
 - Level 2.6 Dodging


You had 4 spell levels left.
You didn't know any spells.

Dungeon Overview and Level Annotations

Branches:
Dungeon (4/16)
 Temple: D:4-7

Altars:


Innate Abilities, Weirdness & Mutations

Your body is rotting away.
You have sharp fingernails.
You are carnivorous and can eat meat at any time.
Your flesh is cold resistant.
You are immune to negative energy.
Your system is resistant to poisons.
You thrive on rotten meat.
You heal slowly when monsters are visible.
You are immune to unholy pain and torment.
You can survive without breathing.


Message History

You closely miss the big kobold zombie.
The big kobold zombie hits you but does no damage.
You barely miss the big kobold zombie.
The big kobold zombie hits you but does no damage.
Unknown command.
You hit the big kobold zombie.
The big kobold zombie barely misses you.
You are too injured to fight recklessly!
You hit the big kobold zombie but do no damage.
The big kobold zombie hits you but does no damage.
You hit the big kobold zombie.
The big kobold zombie hits you but does no damage.
You closely miss the big kobold zombie.
The big kobold zombie hits you but does no damage.
You slash the big kobold zombie! The big kobold zombie misses you.
You smell something rotten. (slot f)
You hit the big kobold zombie. The big kobold zombie misses you.
You hit the big kobold zombie. You hit the big kobold zombie.
The big kobold zombie hits you.
You die...

#.......#
#.......#
#M..∩...#
#.......#
#...∩...#
#.^^....#
#^......#
###.....##
#@z...(.+
###.....#
+.....+
#.....#
+.....+
#.....#
+Z....
#.... .


You could see a big kobold zombie.

Vanquished Creatures
  A centaur zombie (Ossuary)
  4 mummies (Ossuary)
  2 adders
  A ball python (D:3)
  2 giant cockroaches
  2 hobgoblins
  2 quokkas (D:3)
  4 bats
  2 giant newts
  A goblin (D:4)
  2 kobolds
  7 rats
  A rat skeleton (D:4)
31 creatures vanquished.

Notes
Turn   | Place    | Note
--------------------------------------------------------------
     0 | D:1      | 4tharraofdagon, the Ghoul Gladiator, began the quest for the Orb.
     0 | D:1      | Reached XP level 1. HP: 18/18 MP: 0/0
    70 | D:1      | Reached skill level 3 in Axes
   137 | D:2      | Reached XP level 2. HP: 11/25 MP: 1/1
   429 | D:3      | Reached XP level 3. HP: 28/30 MP: 2/2
   606 | D:4      | Found a sand-covered staircase.
   634 | Ossuary  | Entered an ossuary
   671 | Ossuary  | Reached skill level 1 in Armour
   671 | Ossuary  | Reached XP level 4. HP: 22/38 MP: 2/2
   709 | Ossuary  | Reached skill level 4 in Axes
   725 | Ossuary  | Reached XP level 5. HP: 5/45 MP: 3/3
   728 | Ossuary  | HP: 1/45 [big kobold zombie (4)]
   745 | Ossuary  | Slain by a big kobold zombie

Action                   |  1- 3 |  4- 6 || total
-------------------------+-------+-------++-------
Melee: Hand axe          |    99 |    55 ||   154
Throw: Throwing net      |     2 |     2 ||     4
  Use: Potion            |     1 |     1 ||     2
